 Dungeon Crawl Stone Soup version 0.30-a0-242-g7bf8e6d787 (webtiles) character file.

Game seed: 7112633046400283912

194 KennySheep the Trooper (level 5, -4/59 HPs)
             Began as an Ogre Warper on Oct 11, 2022.
             Was a Believer of Lugonu.
             Slain by a gnoll
             ... wielding a +0 spear
              (8 damage)
             ... on level 3 of the Dungeon.
             The game lasted 00:13:44 (3669 turns).

KennySheep the Trooper (Ogre Warper)                Turns: 3669, Time: 00:13:45

Health: -4/59      AC:  5    Str: 15    XL:     5   Next: 73%
Magic:  7/10       EV:  9    Int: 16    God:    Lugonu [**....]
Gold:   154        SH:  0    Dex:  6    Spells: 3/11 levels left

rFire   . . .      SeeInvis .    a - +0 mace
rCold   . . .      Faith    .    (no shield)
rNeg    . . .      Spirit   .    b - +0 robe
rPois   .          Reflect  .    (helmet restricted)
rElec   .          Harm     .    n - +1 cloak
rCorr   .          Rampage  .    (gloves unavailable)
Will    +....                    (boots unavailable)
Stlth   +.........               (no amulet)
HPRegen 0.29/turn                (no ring)
MPRegen 0.12/turn                (no ring)

@: no status effects
A: large, unfitting armour, tough skin 1, clumsy 1, strong-willed 1, robust 1
a: Renounce Religion, Depart the Abyss, Bend Space


You were on level 3 of the Dungeon.
You worshipped Lugonu.
Lugonu was pleased with you.
You visited 1 branch of the dungeon, and saw 3 of its levels.

You collected 154 gold pieces.

Inventory:

Hand Weapons
 a - a +0 mace (weapon)
Missiles
 f - 17 stones (quivered)
 p - 2 large rocks
Armour
 b - a +0 robe (worn)
 n - a +1 cloak (worn)
Wands
 o - a wand of iceblast (7)
Scrolls
 c - 2 scrolls of teleportation
 d - a scroll of identify
 e - a scroll of enchant weapon
 h - 2 scrolls of noise
 i - a scroll of summoning {unknown}
 l - a scroll of magic mapping {unknown}


   Skills:
 + Level 4.1 Fighting
 * Level 3.5 Maces & Flails
 - Level 1.0 Throwing
 - Level 2.1 Dodging
 + Level 3.5 Spellcasting
 + Level 3.4 Translocations
 + Level 0.2 Invocations


You had 3 spell levels left.
You knew the following spells:

 Your Spells              Type           Power      Damage    Failure   Level
a - Blink                 Tloc           26%        N/A       7%          2
b - Teleport Other        Tloc           13%        N/A       13%         3
c - Vhi's Electric Charg  Tloc/Air       16%        N/A       26%         3

Your spell library contained the following spells:

 Spells                   Type           Power      Damage    Failure   Level
 Lesser Beckoning         Tloc           26%        N/A       13%         3
 Manifold Assault         Tloc           13%        N/A       41%         4


Dungeon Overview and Level Annotations

Branches:
Dungeon (3/15)

Altars:
Yredelemnul
Lugonu


Innate Abilities, Weirdness & Mutations

You are too large for most types of armour.
You have tough skin. (AC +1)
You are clumsy. (Dex -2)
You are strong-willed. (Will+)
You are robust. (+10% HP)


Message History

The gnoll is heavily wounded.
The gnoll hits you but does no damage. The gnoll hits you with a +0 spear.
* * * LOW HITPOINT WARNING * * *
The gnoll hits you but does no damage. x2
You feel better.
The gnoll hits you but does no damage. x2
It was a potion of mutation.
You feel extremely strange.
You feel clumsy.
You feel robust.
You feel strong-willed.
The gnoll hits you from afar with a +0 spear.
* * * LOW HITPOINT WARNING * * *
The gnoll barely misses you.
It was a potion of flight.
Your roots keep you in place.
The gnoll hits you from afar with a +0 spear.
* * * LOW HITPOINT WARNING * * *
The gnoll hits you with a +0 spear.
* * * LOW HITPOINT WARNING * * *
You hit the gnoll but do no damage.
The gnoll is heavily wounded.
Your transformation is almost over.
The gnoll hits you but does no damage. x2
You hit the gnoll.
The gnoll is severely wounded.
The gnoll hits you but does no damage. x2
You hit the gnoll but do no damage.
The gnoll is severely wounded.
The gnoll hits you but does no damage. x2
You thump the gnoll!
You kill the gnoll!
Lugonu accepts your kill. The gnoll hits you but does no damage.
Space bends violently around you!
You blink.
Space bends violently around you!
You blink.
You open the door.
A quokka comes into view.
Found a helmet.
You close the door.
You feel less wooden.
Your +1 cloak unmelds from your body.
Your +0 robe unmelds from your body.
The gnoll barely misses you. The gnoll hits you with a +0 spear!
You die...

#..## ####.#### ...#
#........ 8..#####
####.##.###.# .......#
#..)....###.# ...###.#
#.##)##...[.. .### #.#
#.##.#...##.#
.#####.###.##.)....#.#
<##....†...##...g....#
.##.##.#########@#####
.##.##.# #.# .......#
#.# ###.#### #+# #.#
... #.# ..... #.##.#
.....r. ###.....
......... ).......
+..[.......


You could see a gnoll.

Vanquished Creatures
  A jelly (D:3)
  An orc priest (D:2)
  4 gnolls
  3 adders
  A worm (D:3)
  A dart slug (D:1)
  3 orcs
  7 endoplasms
  A giant cockroach (D:1)
  3 goblins
  6 hobgoblins
  7 jackals (D:1)
  3 quokkas
  5 ball pythons
  4 bats
  5 frilled lizards
  3 kobolds
  6 rats
64 creatures vanquished.

Notes
Turn   | Place    | Note
-------+----------+-------------------------------------------
     0 | D:1      | KennySheep the Ogre Warper began the quest for the Orb.
     0 | D:1      | Reached XP level 1. HP: 22/22 MP: 3/3
    81 | D:1      | Reached skill level 3 in Fighting
    81 | D:1      | Reached XP level 2. HP: 10/31 MP: 3/5
   379 | D:1      | Learned a level 2 spell: Blink
   487 | D:1      | Reached XP level 3. HP: 33/37 MP: 7/7
  1500 | D:2      | Reached XP level 4. HP: 17/45 MP: 8/8
  1683 | D:2      | HP: 2/67 [orc priest/+0 flail (2)]
  1926 | D:2      | Learned a level 3 spell: Teleport Other
  1930 | D:2      | Learned a level 3 spell: Vhi's Electric Charge
  1957 | D:2      | Identified the +0 ring mail "Kyxtasy" {Str+4}
  2693 | D:3      | Reached XP level 5. HP: 38/54 MP: 9/9
  3003 | D:3      | Reached skill level 4 in Fighting
  3270 | D:3      | Found a faded altar of an unknown god.
  3587 | D:3      | Found a faded altar of an unknown god.
  3591 | D:3      | Found a basalt altar of Yredelemnul.
  3595 | D:3      | Prayed at the altar of an unknown god.
  3595 | D:3      | Became a worshipper of Lugonu the Unformed
  3595 | D:3      | Reached * piety under Lugonu
  3595 | D:3      | Reached ** piety under Lugonu
  3656 | D:3      | HP: 1/81 [gnoll/+0 spear (1)]
  3658 | D:3      | Gained mutation: You are clumsy. (Dex -2) [potion of
                  | mutation]
  3658 | D:3      | Gained mutation: You are robust. (+10% HP) [potion of
                  | mutation]
  3658 | D:3      | Gained mutation: You are strong-willed. (Will+) [potion of
                  | mutation]
  3669 | D:3      | Slain by a gnoll

Illustrated notes

Levels and vault maps discovered:
D:1:      dpeg_arrival_central, layout_basic
D:2:      layout_rooms, chequers_serial_rivers_small_3
D:3:      layout_loops_corners, nicolae_overflow_ecumenical_swirl,
          shapermc_ecumenical_altar_hornbeckon

Skill      XL: |  1  2  3  4  5 |
---------------+----------------+-----
Fighting       | 3 4 |  4.1
Maces & Flails | 2 3 |  3.5
Translocations | 3 |  3.4
Spellcasting   | 3 |  3.5
Throwing       | |  1.0
Dodging        | |  2.1
Invocations    | |  0.2

Action                   |  1- 3 |  4- 6 || total
-------------------------+-------+-------++-------
Melee: Mace              |   139 |   125 ||   264
       Punch             |       |     1 ||     1
Throw: Boomerang         |     7 |       ||     7
       Throwing net      |     1 |       ||     1
 Cast: Blink             |       |     1 ||     1
Invok: Bend Space        |       |     6 ||     6
  Use: Scroll            |     2 |     2 ||     4
       Potion            |       |     6 ||     6
 Stab: Sleeping          |     2 |       ||     2
Armor: Robe              |    73 |    36 ||   109
       Skin              |       |    52 ||    52
Dodge: Dodged            |   114 |    57 ||   171

Table legend: (Time is in decaauts)
 A = Elapsed time spent in this place.
 B = Non-inter-level travel time spent in this place.
 C = Inter-level travel time spent in this place.
 D = Time resting spent in this place.
 E = Time spent auto-exploring this place.
 F = Levels seen in this place.
 G = Mean time per level.
                   A        B        C        D        E       F      G
               +--------+--------+--------+--------+--------+-----+--------+
         Total |   3752 |   3387 |    365 |    756 |   1911 |   3 | 1250.7 |
       Dungeon |   3752 |   3387 |    365 |    756 |   1911 |   3 | 1250.7 |
               +--------+--------+--------+--------+--------+-----+--------+

Top non-repeatable levels by time:
     D:1: 1706 daAuts
     D:2: 1166 daAuts
     D:3: 879 daAuts
